 Dungeon Crawl Stone Soup version 0.28.0-1-gb440e238dd (webtiles) character file.

Game seed: 4939360851173686039

130 mortz the Conjurer (level 5, -3/36 HPs)
             Began as a Human Conjurer on Feb 21, 2022.
             Slain by an iguana (8 damage)
             ... on level 2 of the Dungeon.
             The game lasted 00:12:52 (2319 turns).

mortz the Conjurer (Human Conjurer)                 Turns: 2319, Time: 00:12:52

Health: -3/36      AC:  4    Str:  8    XL:     5   Next: 36%
Magic:  0/8        EV: 11    Int: 20    God:
Gold:   94         SH:  0    Dex: 11    Spells: 6/9 levels left

rFire   . . .      SeeInvis .   d - +0 short sword
rCold   . . .      Faith    .   (no shield)
rNeg    . . .      Spirit   .   l - +0 leather armour
rPois   .          Reflect  .   (no helmet)
rElec   .          Harm     .   (no cloak)
rCorr   .          Rampage  .   (no gloves)
Will    .....                   c - +0 pair of boots
Stlth   ++........              (no amulet)
HPRegen 0.12/turn               (no ring)
MPRegen 0.11/turn               (no ring)

@: no status effects
A: no striking features
a: no special abilities


You were on level 2 of the Dungeon.
You visited 1 branch of the dungeon, and saw 3 of its levels.

You collected 94 gold pieces.

Inventory:

Hand Weapons
 d - a +0 short sword (weapon)
Missiles
 m - 3 datura-tipped darts (quivered)
Armour
 a - the +11 plate armour of the Thistle {Stlth+}
   (You found it on level 2 of the Dungeon)

   Stlth:     It makes you more stealthy.
 c - a +0 pair of boots (worn)
 l - a +0 leather armour (worn)
Scrolls
 g - a scroll of summoning {unknown}
 h - a scroll of teleportation {unknown}
 k - a scroll of blinking {unknown}
Potions
 b - a potion of lignification {unknown}
 e - a potion of cancellation {unknown}
 f - a potion of curing {unknown}
 i - a potion of might {unknown}
 j - a potion of heal wounds {unknown}
 n - a potion of flight {unknown}


   Skills:
 + Level 0.5 Fighting
 * Level 1.8 Short Blades
 + Level 0.7 Armour
 + Level 2.2 Dodging
 + Level 2.1 Stealth
 + Level 2.5 Spellcasting
 + Level 5.1 Conjurations


You had 6 spell levels left.
You knew the following spells:

 Your Spells              Type           Power      Damage    Failure   Level
a - Magic Dart            Conj           92%        1d7       2%          1
b - Searing Ray           Conj           46%        2d6       3%          2

Your spell library contained the following spells:

 Spells                   Type           Power      Damage    Failure   Level
 Animate Skeleton         Necr           4%         N/A       22%         1
 Apportation              Tloc           4%         N/A       22%         1
 Summon Small Mammal      Summ           8%         N/A       22%         1
 Dazzling Flash           Conj/Hex       24%        N/A       22%         3
 Sublimation of Blood     Necr           2%         N/A       32%         2
 Wereblood                Tmut           2%         N/A       32%         2
 Fulminant Prism          Conj/Hex       6%         3d7       58%         4
 Iskenderun's Mystic Bla  Conj/Tloc      12%        2d5       58%         4
 Summon Hydra             Summ           1%         N/A       100%        7


Dungeon Overview and Level Annotations

Branches:
Dungeon (3/15)

Altars:


Message History

(Press . to maintain the ray.)
The iguana bites you!
The searing ray misses the ogre.
The iguana closely misses you. The ogre closely misses you.
The searing ray hits the ogre.
The ogre is heavily wounded.
The iguana bites you. The ogre barely misses you.
The searing ray hits the ogre.
The ogre is severely wounded.
You finish channelling your searing ray.
The iguana bites you!
* * * LOW HITPOINT WARNING * * *
Casting: Searing Ray (safe; 4% risk of failure)
Confirm with . or Enter, or press ? or * to list all spells.
Aiming: Searing Ray (safe; 4% risk of failure)
Press: ? - help, Shift-Dir - straight line, f/p - ogre
Aim: an ogre, wielding a +0 giant club (severely wounded, 89% to hit)
The searing ray hits the ogre!
You kill the ogre! (Press . to maintain the ray.)
The iguana bites you but does no damage.
Your Short Blades skill increases to level 1!
You have reached level 5!
The iguana closely misses you.
You climb upwards.
There is a stone staircase leading down here.
You hit the iguana but do no damage. The iguana bites you.
* * * LOW HITPOINT WARNING * * *
The iguana hisses menacingly.
Casting: Searing Ray (safe; 3% risk of failure)
Confirm with . or Enter, or press ? or * to list all spells.
Aiming: Searing Ray (safe; 3% risk of failure)
Press: ? - help, Shift-Dir - straight line, f - iguana
Aim: an iguana (81% to hit)
The searing ray hits the iguana.
The iguana is moderately wounded. (Press . to maintain the ray.)
The iguana closely misses you. The iguana bites you!
You die...

#.#<.............#
#.#..............#
#.##.#....#########
#.................#
####.#............#
+.................#
##.#..............#
...#..............#
.#..............@.#
................l.#
..................#
#.##..............#
#.##..............#
..................#
..##..............#
..##........#######
...........##


You could see an iguana.

Vanquished Creatures
  An ogre (D:3)
  An adder (D:2)
  A dart slug (D:1)
  3 endoplasms (D:1)
  2 giant cockroaches (D:1)
  4 goblins
  A hobgoblin (D:1)
  4 jackals (D:3)
  6 kobolds
  A ball python (D:1)
  4 bats
  A frilled lizard (D:2)
  6 rats
35 creatures vanquished.

Notes
Turn   | Place    | Note
-------+----------+-------------------------------------------
     0 | D:1      | mortz the Human Conjurer began the quest for the Orb.
     0 | D:1      | Reached XP level 1. HP: 13/13 MP: 3/3
   178 | D:1      | Reached XP level 2. HP: 8/19 MP: 0/5
   181 | D:1      | Learned a level 2 spell: Searing Ray
   823 | D:1      | Reached XP level 3. HP: 24/24 MP: 3/6
  1472 | D:2      | Identified the +11 plate armour of the Thistle {Stlth+}
  1915 | D:3      | Reached skill level 5 in Conjurations
  1935 | D:3      | Reached XP level 4. HP: 28/30 MP: 7/7
  2008 | D:3      | Noticed an ogre
  2301 | D:3      | Killed an ogre
  2302 | D:3      | Reached skill level 1 in Short Blades
  2302 | D:3      | Reached XP level 5. HP: 4/36 MP: 0/8
  2319 | D:2      | Slain by an iguana

Illustrated notes

Levels and vault maps discovered:
D:1:      dpeg_arrival_shrine, layout_loops_cross, minmay_misc_feat_rugged
D:2:      layout_basic, grunt_ministairs_1
D:3:      wad_lake_hut, layout_loops_cross, mainiacjoe_overflow_divided_tiny,
          lemuel_crystal_altar, serial_co_window_serial,
          co_window_of_opportunity_a, co_window_paths_a, co_window_paths_a,
          co_window_paths_a, co_window_of_opportunity_a, co_window_corner_b,
          co_window_broadway_a, co_window_corner_cb, co_window_paths_e,
          glass_columns_a, glass_columns_c, glass_columns_c, glass_columns_a,
          glass_columns_a, dreamdust_ecumenical_altar_drowned_temple,
          cheibrodos_gnoll_hut

Skill      XL: |  1  2  3  4 |
---------------+-------------+-----
Conjurations   | 5 |  5.1
Short Blades   | 1 |  1.8
Fighting       | |  0.5
Armour         | |  0.7
Dodging        | |  2.2
Stealth        | |  2.1
Spellcasting   | |  2.5

Action                   |  1- 3 |  4- 6 || total
-------------------------+-------+-------++-------
Melee: Short sword       |    54 |    13 ||    67
 Cast: Magic Dart        |    54 |       ||    54
       Searing Ray       |       |     3 ||     3
Armor: Plate armour      |    63 |    10 ||    73
       Leather armour    |     3 |     1 ||     4
Dodge: Dodged            |     5 |     5 ||    10
